 Dungeon Crawl Stone Soup version 0.29-a0-367-gc2b5878c41 (webtiles) character file.

Game seed: 8192085762665802944

56 Ge0ff the Cutter (level 4, -4/35 HPs)
             Began as a Djinni Monk on May 1, 2022.
             Killed by nerve-wracking pain
             ... invoked by an orc priest
              (12 damage)
             ... on level 2 of the Dungeon.
             The game lasted 00:03:38 (2261 turns).

Ge0ff the Cutter (Djinni Monk)                      Turns: 2261, Time: 00:03:38

Health: -4/35      AC:  4    Str: 10    XL:     4   Next: 17%
Gold:   103        EV: 13    Int: 14    God:
                   SH:  0    Dex: 15

rFire   + + .      SeeInvis .   a - +0 short sword
rCold   x . .      Faith    .   (no shield)
rNeg    . . .      Spirit   .   b - +0 robe
rPois   ∞          Reflect  .   q - +1 helmet
rElec   .          Harm     .   (no cloak)
rCorr   .          Rampage  .   (no gloves)
Will    .....                   (boots unavailable)
Stlth   +.........              (no amulet)
HPRegen 0.11/turn               (no ring)
MPRegen 0.00/turn               (no ring)

@: confused, ambrosia-drunk, flying
A: sickness immunity, fire resistance 2, cold vulnerability 1, float, innate
caster, HP casting, extra vitality 1
a: no special abilities


You were on level 2 of the Dungeon.
You visited 1 branch of the dungeon, and saw 3 of its levels.

You collected 103 gold pieces.

Inventory:

Hand Weapons
 a - a +0 short sword (weapon)
Missiles
 p - 82 stones (quivered)
Armour
 b - a +0 robe (worn)
 q - a +1 helmet (worn)
Scrolls
 B - 2 scrolls of blinking
 T - a scroll of immolation {unknown}
 V - a scroll of vulnerability
 X - a scroll of holy word {unknown}
Potions
 t - a potion of haste {unknown}
 w - 2 potions of degeneration {unknown}
 S - a potion of heal wounds {unknown}
 U - a potion of mutation {unknown}
 W - a potion of curing {unknown}
 Y - a potion of resistance {unknown}


   Skills:
 - Level 3.0 Fighting
 + Level 4.0 Short Blades
 - Level 3.2 Dodging
 - Level 1.5 Stealth
 + Level 1.0 Spellcasting


You had 4 spell levels left.
You knew the following spells:

 Your Spells              Type           Power      Damage    Failure   Level
k - Freeze                Ice            12%        1d4       17%         1
Your spell library was empty.

Dungeon Overview and Level Annotations

Branches:
Dungeon (3/15)

Altars:

Annotations:
D:2 Sigmund


Innate Abilities, Weirdness & Mutations

You are immune to sickness and miasma.
You are immune to poison.
Your flesh is very heat resistant. (rF++)
You are vulnerable to cold. (rC-)
You float through the air rather than walking.
You learn spells naturally, not from books.
Your magical power is your life essence.
You have superior vitality. (+4 MHP)


Message History

Confirm with . or Enter, or press ? or * to list all spells.
Aiming: Freeze (safe; 17% risk of failure)
Press: ? - help, Shift-Dir - straight line, f/p - orc
Aim: an orc, wielding a +0 falchion (heavily wounded)
You freeze the orc.
You kill the orc!
Your Short Blades skill increases to level 4!
HP restored.
Partly explored, can't reach some places.
You see here a +0 falchion.
You reach down and open the door.
There is an open door here.
There is an open door here.
There is a stone staircase leading down here.
You fly downwards.
Found 15 gold pieces.
There is a stone staircase leading up here.
You throw a stone. The stone barely misses the orc.
You throw a stone. The stone barely misses the orc.
You throw a stone. The stone completely misses the orc.
The orc hits you from afar with a +0 trident.
The orc barely misses you.
The orc hits you from afar with a +0 trident!
The orc priest hits you with a +0 hand axe.
You fly upwards.
Level annotation: Sigmund
There is a stone staircase leading down here.
Casting: Freeze (safe; 17% risk of failure)
Confirm with . or Enter, or press ? or * to list all spells.
Aiming: Freeze (safe; 17% risk of failure)
Press: ? - help, Shift-Dir - straight line, f - orc priest
Aim: an orc priest, wielding a +0 hand axe You freeze the orc priest.
The orc priest is lightly wounded.
The orc priest misses you.
Casting: Freeze (safe; 17% risk of failure)
Confirm with . or Enter, or press ? or * to list all spells.
Aiming: Freeze (safe; 17% risk of failure)
Press: ? - help, Shift-Dir - straight line, f/p - orc priest
Aim: an orc priest, wielding a +0 hand axe (lightly wounded)
You freeze the orc priest.
The orc priest is moderately wounded.
The orc priest calls down the wrath of Beogh upon you.
Beogh smites you!
* * * LOW HITPOINT WARNING * * *
You are confused.
You feel invigorated.
The orc priest mumbles some strange prayers to Beogh against you.
Pain shoots through your body!
You die...

.####..##
.#.##...###
##.#......######
##.##..........####
..................#
##.###.#.#.###.##.#
##..)....#.# #.##.#
######+###.# #.##.##
##≈.....##÷# #.o@..#
#≈≈≈≈#...#.######..#
≈≈≈###.............#
≈###.......####.>..#
##.........'.......#
.#.........####....#
.##.......## ##.#.#
.###.....## ###.# .#
##...## #.#


You could see an orc priest.

Vanquished Creatures
  An adder (D:2)
  A dart slug (D:2)
  An orc (D:2)
  4 bats
  6 endoplasms
  3 goblins (D:1)
  4 hobgoblins
  8 jackals
  5 ball pythons
  4 kobolds (D:1)
  4 rats
41 creatures vanquished.

Notes
Turn   | Place    | Note
-------+----------+-------------------------------------------
     0 | D:1      | Ge0ff the Djinni Monk began the quest for the Orb.
     0 | D:1      | Reached XP level 1. HP: 20/20 MP: 0/0
    27 | D:1      | Reached skill level 3 in Short Blades
    34 | D:1      | Reached XP level 2. HP: 12/25 MP: 0/0
   660 | D:1      | Reached XP level 3. HP: 19/30 MP: 0/0
   660 | D:1      | Learned a level 1 spell: Freeze
  1163 | D:2      | Noticed Sigmund
  1712 | D:2      | Reached skill level 1 in Spellcasting
  1712 | D:2      | Reached XP level 4. HP: 31/35 MP: 0/0
  2156 | D:2      | Reached skill level 4 in Short Blades
  2261 | D:2      | Killed from afar by an orc priest

Illustrated notes

Levels and vault maps discovered:
D:1:      dpeg_arrival_pits, layout_rooms, minmay_tetromino_t2
D:2:      layout_loops_corners, serial_rivers, chequers_serial_rivers_micro_c,
          chequers_serial_rivers_large_b, chequers_serial_rivers_micro_b,
          chequers_serial_rivers_micro_d, chequers_serial_rivers_marsh,
          uniq_sigmund
D:3:      layout_rooms, serial_shops, shop, cheibrodos_gnoll_hut

Skill      XL: |  1  2  3  4 |
---------------+-------------+-----
Short Blades   | 3 4 |  4.0
Spellcasting   | 1 |  1.0
Fighting       | |  3.0
Dodging        | |  3.2
Stealth        | |  1.5

Action                   |  1- 3 |  4- 6 || total
-------------------------+-------+-------++-------
Melee: Short sword       |   124 |     1 ||   125
Throw: Stone             |     3 |     5 ||     8
 Cast: Freeze            |     3 |     4 ||     7
  Use: Scroll            |     4 |     1 ||     5
       Potion            |       |     1 ||     1
 Stab: Sleeping          |     5 |     1 ||     6
Armor: Robe              |    20 |       ||    20
Dodge: Dodged            |    63 |     2 ||    65

Table legend: (Time is in decaauts)
 A = Elapsed time spent in this place.
 B = Non-inter-level travel time spent in this place.
 C = Inter-level travel time spent in this place.
 D = Time resting spent in this place.
 E = Time spent auto-exploring this place.
 F = Levels seen in this place.
 G = Mean time per level.
                   A        B        C        D        E       F      G
               +--------+--------+--------+--------+--------+-----+--------+
         Total |   2252 |   2168 |     84 |    155 |   1678 |   3 |  750.7 |
       Dungeon |   2252 |   2168 |     84 |    155 |   1678 |   3 |  750.7 |
               +--------+--------+--------+--------+--------+-----+--------+

Top non-repeatable levels by time:
     D:2: 1244 daAuts
     D:1: 998 daAuts
     D:3: 9 daAuts
